cohdb
Replays
Latest Replays
All Replays
Popular Replays
Top Player Replays
Match Explorer
How It Works
Community
CoH3 Stats
Reddit
Sign in to upload your games and track your stats! →
Sign in with Steam
Match 39565495
Unlisted
Match 39565495
Overview
Messages
Build Orders
End
Selects Mechanized Battlegroup
Construct Infanterie Kompanie
MG 42 Machine Gun Team
Sniper
Grenadier Squad
Grenadier Squad
Construct Panzergrenadier Kompanie
Selects Mobile Repair Stations
Selects Stoßtruppen Assault Package
MG 42 Machine Gun Team
Construct Luftwaffe Kompanie
221 Scout Car
MG 42 Bunker
MG 42 Bunker
Selects Raid Package
Jäger Squad
Construct Panzer Kompanie
Selects 8 Rad Armored Car
Selects UNKNOWN (2160084)
Panther Heavy Tank
Selects Mechanized Assault
Stoßtruppen Squad
Stoßtruppen Squad
Panzer Officer Quarters
Medical Bunker
Stoßtruppen Squad
Panther Heavy Tank
Wolfenstein
Eon
Dwanye "the wok" Johnson
Spaghettifeet
ßoo
jfpp
max
simaogui
0
0
Comments
sign in to comment!
No comments posted yet!